 Dungeon Crawl Stone Soup version 0.26-b1-32-g5d43845318 (webtiles) character file.

Game seed: 15384610024027742549

1133 jmlagarto the Slicer (level 8, -2/54 HPs)
             Began as a Halfling Monk on Jan 9, 2021.
             Was a Priest of Nemelex Xobeh.
             Slain by a lemure (6 damage)
             ... led by Pikel
             ... on level 4 of the Dungeon.
             The game lasted 00:14:10 (5055 turns).

jmlagarto the Slicer (Halfling Monk)                Turns: 5055, Time: 00:14:11

Health: -2/54      AC:  4    Str: 12    XL:     8   Next: 62%
Magic:  8/8        EV: 19    Int:  8    God:    Nemelex Xobeh [***...]
Gold:   175        SH:  0    Dex: 19    Spells: 7/7 levels left

rFire    . . .     SeeInvis .   a - +2 short sword
rCold    . . .     Faith    .   (shield restricted)
rNeg     . . .     Spirit   .   b - +0 robe
rPois    .         Reflect  .   (no helmet)
rElec    +         Harm     .   (no cloak)
rCorr    .         Rampage  .   (no gloves)
Will     .....                  g - +1 pair of boots
Stlth    +++.......             t - amulet of regeneration
HPRegen  0.58/turn              (no ring)
MPRegen  0.11/turn              (no ring)

@: attractive
A: small, mutation resistance 1, electricity resistance
a: Renounce Religion, Draw Escape, Draw Destruction, Draw Summoning, Triple Draw


You were on level 4 of the Dungeon.
You worshipped Nemelex Xobeh.
Nemelex Xobeh was most pleased with you.
You visited 1 branch of the dungeon, and saw 5 of its levels.

You collected 175 gold pieces.

Inventory:

Hand Weapons
 a - a +2 short sword (weapon)
 d - a +0 shortbow
 q - a +0 shortbow
Missiles
 h - 145 stones (quivered)
 n - 40 arrows
 v - 6 curare-tipped darts
 y - 19 sling bullets
 z - 15 bolts
Armour
 b - a +0 robe (worn)
 g - a +1 pair of boots (worn)
Jewellery
 l - an uncursed ring of magical power
 o - an uncursed ring of ice
 t - an amulet of regeneration (around neck)
 A - a cursed -4 ring of intelligence
Wands
 B - a wand of flame (18)
Scrolls
 f - 4 scrolls of remove curse
 i - 4 scrolls of blinking {unknown}
 m - a scroll of fog {unknown}
 p - a scroll of random uselessness {unknown}
 r - 3 scrolls of amnesia {unknown}
 s - 4 scrolls of teleportation {unknown}
 w - a scroll of fear {unknown}
 x - 3 scrolls of magic mapping {unknown}
Potions
 c - a potion of lignification {unknown}
 e - a potion of brilliance {unknown}
 j - a potion of invisibility {unknown}
 k - a potion of attraction
 u - a potion of mutation
 C - a potion of flight {unknown}
 D - a potion of cancellation {unknown}
 E - a potion of heal wounds {unknown}


   Skills:
 + Level 4.6 Fighting
 + Level 8.3 Short Blades
 + Level 5.6 Dodging
 + Level 5.5 Stealth


You had 7 spell levels left.
You didn't know any spells.
Your spell library was empty.

Dungeon Overview and Level Annotations

Branches:
Dungeon (5/15)
 Temple: D:4-7

Altars:
Kikubaaqudgha
Nemelex Xobeh
Ru

Annotations:
D:4 Pikel
D:5 1 transporter


Innate Abilities, Weirdness & Mutations

You are small and have problems with some larger weapons.
You are somewhat resistant to further mutation.
You are resistant to electric shocks. (rElec)


Message History

The lemure is moderately wounded.
The lemure barely misses you.
You puncture the lemure!
The lemure is severely wounded.
The lemure closely misses you.
You hit the lemure but do no damage.
The lemure is severely wounded.
You closely miss the lemure.
The lemure is severely wounded.
The lemure hits you.
* * * LOW HITPOINT WARNING * * *
Okay, then.
It was a potion of attraction.
You feel attractive to monsters. The lemure misses you.
It was a potion of mutation.
You feel extremely strange.
You feel insulated. The lemure hits you.
You die...
Your body glows slightly and disappears.

#.......#######
###....## #.......#.#
#.......# #....####.#
#.......## ###### ##.#
#........# #..#
#........## #..#
#.........# ##..####
#.........#
##......####.......>.##
##..####.@55#..........#
##..## #####K....[.....#
##.### ###.........#
###.## #.........##
##..## ##.....##..#
###..## #....######
....## ###### #####


You could see Pikel and 2 lemures.

Vanquished Creatures
  Grinder (D:4)
  A steam dragon (D:5)
  A centaur (D:5)
  A lemure (D:5)
  2 scorpions
  A howler monkey (D:4)
  3 hounds
  2 worker ants
  A hound zombie (D:5)
  A hound skeleton (D:2)
  3 gnolls (D:4)
  2 adders (D:3)
  4 worms
  4 dart slugs
  5 leopard geckos
  2 orcs (D:3)
  2 giant cockroaches (D:1)
  6 goblins
  9 hobgoblins
  3 quokkas
  A ball python (D:1)
  6 bats
  5 frilled lizards
  8 kobolds
  A quokka skeleton (D:5)
  11 rats
86 creatures vanquished.

Vanquished Creatures (collateral kills)
  Eustachio (D:4)
  Menkaure (D:4)
  The ghost of WanderingOwl the Stinger, an amateur DrVM (D:3)
  A wyvern skeleton (D:3)
  A centaur zombie (D:3)
  A hound skeleton (D:3)
6 creatures vanquished.

Grand Total: 92 creatures vanquished

Notes
Turn   | Place    | Note
-------+----------+-------------------------------------------
     0 | D:1      | jmlagarto the Halfling Monk began the quest for the Orb.
     0 | D:1      | Reached XP level 1. HP: 15/15 MP: 1/1
   119 | D:1      | Reached XP level 2. HP: 20/20 MP: 2/2
   441 | D:1      | Reached skill level 4 in Short Blades
   461 | D:1      | Reached XP level 3. HP: 20/25 MP: 3/3
  1312 | D:2      | Found a faded altar of an unknown god.
  1680 | D:2      | Reached XP level 4. HP: 20/31 MP: 4/4
  3053 | D:3      | Reached XP level 5. HP: 36/36 MP: 5/5
  3223 | D:3      | Found an ancient bone altar of Kikubaaqudgha.
  3223 | D:3      | Found a sparkling altar of Nemelex Xobeh.
  3236 | D:3      | Became a worshipper of Nemelex Xobeh the Trickster
  3236 | D:3      | Reached * piety under Nemelex Xobeh
  3236 | D:3      | Received a gift from Nemelex Xobeh
  3236 | D:3      | Reached ** piety under Nemelex Xobeh
  3444 | D:3      | Found a runed translucent gate.
  3444 | D:3      | Found a runed translucent gate.
  3446 | D:3      | Found a runed translucent gate.
  3447 | D:3      | Noticed WanderingOwl's ghost (amateur DrVM)
  3460 | D:3      | Reached skill level 5 in Short Blades
  3463 | D:3      | Killed WanderingOwl's ghost
  3464 | D:3      | Reached XP level 6. HP: 32/42 MP: 6/6
  3773 | D:4      | Noticed Menkaure
  3774 | D:4      | Identified the -1 quarterstaff "Qealetreo" {elec, +Inv
                  | rPois rF+ Str+3 Int-5}
  3785 | D:4      | Killed Menkaure
  3986 | D:4      | Noticed Grinder
  4006 | D:4      | Killed Grinder
  4007 | D:4      | Reached skill level 6 in Short Blades
  4007 | D:4      | Reached skill level 5 in Stealth
  4007 | D:4      | Reached XP level 7. HP: 40/47 MP: 7/7
  4049 | D:4      | Received a gift from Nemelex Xobeh
  4081 | D:4      | Reached skill level 5 in Dodging
  4666 | D:4      | Noticed Eustachio
  4676 | D:4      | Killed Eustachio
  4677 | D:4      | Reached skill level 7 in Short Blades
  4677 | D:4      | Reached XP level 8. HP: 54/54 MP: 8/8
  4707 | D:4      | Reached *** piety under Nemelex Xobeh
  4707 | D:4      | Found a sacrificial altar of Ru.
  4728 | D:5      | Entered Level 5 of the Dungeon
  4728 | D:5      | Found a transporter.
  4730 | D:5      | Noticed Dowan
  4731 | D:5      | Noticed Duvessa
  4734 | D:5      | Noticed Dowan
  4734 | D:5      | Dowan changed into Dowan the worker ant
  4734 | D:5      | Noticed Duvessa
  4734 | D:5      | Duvessa changed into Duvessa the steam dragon
  4747 | D:5      | Killed Dowan the worker ant
  4763 | D:5      | Killed Duvessa the steam dragon
  4780 | D:5      | HP: 2/54 [centaur (9)]
  4792 | D:5      | Reached skill level 8 in Short Blades
  4939 | D:5      | Noticed Pikel
  5055 | D:4      | Gained mutation: You are resistant to electric shocks.
                  | (rElec) [potion of mutation]
  5055 | D:4      | Slain by a lemure

Illustrated notes

Levels and vault maps discovered:
D:1:      lightli_arrival_chessboard, layout_basic
D:2:      layout_basic, chequers_ecumenical_altar_island
D:3:      layout_basic, gammafunk_temple_overflow_wave,
          gammafunk_ghost_necromancy
D:4:      layout_cave_pods, nicolae_ru_the_path_less_chosen, uniq_menkaure,
          uniq_eustachio, uniq_grinder
D:5:      gammafunk_cloud_chamber, layout_cave_pools, temple_hall, uniq_pikel,
          uniq_duvessa

Skill      XL: |  1  2  3  4  5  6  7  8 |
---------------+-------------------------+-----
Short Blades   | 4 5 6 7 8 |  8.3
Fighting       | 3 4 |  4.6
Dodging        | 4 5 |  5.6
Stealth        | 3 5 |  5.5

Action                   |  1- 3 |  4- 6 |  7- 9 || total
-------------------------+-------+-------+-------++-------
Melee: Short sword       |   120 |   101 |   182 ||   403
Invok: Draw Summoning    |       |     2 |     1 ||     3
       Draw Destruction  |       |       |     8 ||     8
       Draw Escape       |       |       |     3 ||     3
  Use: Scroll            |     4 |     3 |       ||     7
       Potion            |       |       |     5 ||     5
 Stab: Sleeping          |     5 |     6 |       ||    11
Armor: Robe              |    18 |     4 |    17 ||    39
Dodge: Dodged            |   114 |    75 |   181 ||   370
